 Dungeon Crawl Stone Soup version 0.15.0-11-g6f4f891 (webtiles) character file.

243384 Johnny the Severer (level 20, 0/147 HPs)
             Began as a Human Berserker on Aug 31, 2014.
             Was an Elder of Trog.
             Killed from afar by a deep elf annihilator (20 damage)
             ... with an iron shot
             ... on Level 3 of the Elven Halls.
             The game lasted 03:59:53 (42510 turns).

Johnny the Severer (Human Berserker)               Turns: 42510, Time: 03:59:53

HP   0/147       AC 36     Str 22      XL: 20   Next: 67%
MP  27/27        EV  4     Int  8 (9)  God: Trog [****..]
Gold 1938        SH 20     Dex 25      Spells:  0 memorised, 19 levels left

rFire  + + +     SeeInvis .     L - +11 war axe of Curses {chop, rF+}
rCold  + . .     Clarity  .     P - +4 gold dragon armour
rNeg   . . .     rCorr    .     E - +5 shield "Trueb" {Stlth---}
rPois  +         rRot     .     W - +4 helmet of Mezcal {rPois}
rElec  .         Spirit   .     F - +2 cloak
SustAb .         Warding  .     H - +1 pair of gloves
rMut   +         Stasis   .     h - +0 pair of boots {run}
Gourm  .                        g - amulet of resist mutation
MR     +++..                    G - ring "Shyggym" {Fire Str+4 Dex+5}
                                l - ring of protection from cold

@: very slightly contaminated, regenerating, studying Unarmed Combat, drained,
quick, extremely resistant to hostile enchantments, extremely unstealthy
A: frail 1
a: Burn Spellbooks, Berserk, Trog's Hand, Brothers in Arms, Renounce Religion
}: 1/15 runes: serpentine


You were on level 3 of the Elven Halls.
You worshipped Trog.
Trog was greatly pleased with you.
You were not hungry.

You visited 5 branches of the dungeon, and saw 32 of its levels.
You visited the Abyss 1 time.
You also visited: Volcano.

You collected 3765 gold pieces.
You spent 1827 gold pieces at shops.

Inventory:

Hand weapons
 y - a +9 war axe of flaming
 B - a +4 broad axe of freezing
 C - a +6 antimagic broad axe
 L - the +11 war axe of Curses (weapon) {chop, rF+}
   (Trog gifted it to you on level 5 of the Lair of Beasts)

   It inflicts extra damage upon your enemies.
   It protects you from fire.
 N - a +6 war axe of venom
Armour
 h - a +0 pair of boots of running (worn)
 E - the +5 shield "Trueb" (worn) {Stlth---}
   (You acquired it on level 4 of the Orcish Mines)

   It makes you much less stealthy.
 F - a +2 cloak (worn)
 H - a +1 pair of gloves (worn)
 P - a +4 gold dragon armour (worn)
 W - the +4 helmet of Mezcal (worn) {rPois}
   (You acquired it on level 7 of the Lair of Beasts)

   It protects you from poison.
Magical devices
 e - a wand of cold (10)
 o - a wand of disintegration (13)
 p - a wand of enslavement (2)
 s - a wand of lightning (0)
 A - a wand of draining (0)
 D - a wand of fire (0)
 J - a wand of hasting (2)
Comestibles
 f - 12 meat rations
 z - 3 fruits
Scrolls
 c - 18 scrolls of remove curse
 j - 2 scrolls of holy word
 m - a scroll of recharging
 v - 3 scrolls of blinking
 w - a scroll of teleportation
 x - a scroll of brand weapon
 S - 3 scrolls of magic mapping
 V - 2 scrolls of vulnerability
 X - 7 scrolls of identify
Jewellery
 d - an uncursed ring of flight
 g - an amulet of resist mutation (around neck)
 l - a ring of protection from cold (left hand)
 u - an uncursed ring of see invisible
 G - the ring "Shyggym" (right hand) {Fire Str+4 Dex+5}
   (You found it on level 10 of the Dungeon)

   [ring of fire]

   It enhances your fire magic, and weakens your ice magic.
   It affects your strength (+4).
   It affects your dexterity (+5).
   It protects you from fire.
   It makes you vulnerable to cold.
 O - the ring of the Empty Page {Fire rElec, unknown}
   (You took it off a deep elf blademaster on level 3 of the Elven Halls)

   [ring of fire]

   It enhances your fire magic, and weakens your ice magic.
   It protects you from fire.
   It makes you vulnerable to cold.
   It insulates you from electricity.
 U - an uncursed amulet of stasis
 Z - an uncursed ring of positive energy
Potions
 a - 2 potions of might
 b - 4 potions of berserk rage
 i - 5 potions of restore abilities
 k - 4 potions of cancellation
 n - a potion of agility
 t - 11 potions of curing
 I - a potion of lignification {unknown}
 M - a potion of flight
 T - a potion of brilliance
 Y - a potion of haste
Books
 K - a manual of Unarmed Combat
Rods
 q - a +2 rod of the swarm (10/10)
   (You found it on level 3 of the Elven Halls)


   Skills:
 + Level 15.7(15.3) Fighting
 + Level 19.8(19.4) Axes
 + Level 1.1(13.1) Maces & Flails
 + Level 0.8(0.5) Throwing
 + Level 14.0(13.6) Armour
 + Level 9.1(8.8) Dodging
 + Level 5.2(4.9) Stealth
 + Level 15.6(15.2) Shields
 + Level 0.4(0.1) Unarmed Combat
 + Level 5.5(5.2) Evocations


You had 19 spell levels left.
You didn't know any spells.

Dungeon Overview and Level Annotations

Branches:
Dungeon (12/15)            Temple (0/1) D:4             Orc (4/4) D:11
    Elf (3/3) Orc:4          Lair (8/8) D:11         Shoals (0/5) Lair:5
  Snake (5/5) Lair:5        Slime (0/6) Lair:7

Altars:
Ashenzari
Qazlal
Sif Muna
Xom
Zin

Shops:
D:11 (   Orc:4 ?}**   Elf:3 *   Snake:2 :


Innate Abilities, Weirdness & Mutations

You are frail (-10% HP).


Message History

The deep elf annihilator is moderately wounded.
Drink which item? (? for menu, Esc to quit)
You feel much better.
The deep elf annihilator gestures at you while chanting.
The crystal spear hits you!
Ouch! That really hurt!
* * * LOW HITPOINT WARNING * * *
Read which item? (? for menu, Esc to quit)
Okay, then.
Drink which item? (? for menu, Esc to quit)
Okay, then.
Drink which item? (? for menu, Esc to quit)
Okay, then.
Press: ? - help, v - describe, . - travel
Here: a deep elf annihilator, wielding a cutlass and wearing a leather armour (moderately wounded)
The floor, spattered with blood.
You block the deep elf annihilator's attack.
The deep elf annihilator gestures at you while chanting.
The iron shot hits you!
You die...

##.))###.........⌠.....## **##...
#...##..................# *,.....
#|(##....###...)........##***#...
...#...### ###[).........#####...
.|##..#* ##).........##......
.[#...# #.....).(((##......
.)#..#* ##....)(()([.<.....
+##..# #.......######.... .)...##
##@e).((.# ##/.).. )....(#
#....)..## #...).[ ().(((##
##e...[..# #.....) .......###
###........# #...###
.........###..........# ##..###
.............?.......## #......
...⌠....)...........## #.#...#
....................# #.###.#
...................## #.###.#


You could see 2 deep elf annihilators.

Vanquished Creatures
  2 bone dragons (Abyss:1)
  A hellephant (Abyss:1)
  2 deep elf blademasters (Elf:3)
  2 deep elf master archers (Elf:3)
  4 tentacled starspawn (Abyss:1)
  A lich (Abyss:1)
  Kirke (Snake:5)
  7 greater nagas
  10 deep elf sorcerers
  5 deep elf demonologists
  A very ugly thing (Abyss:1)
  7 deep elf annihilators (Elf:3)
  4 deep elf death magi (Elf:3)
  5 deep elf high priests (Elf:3)
  A great orb of eyes (Abyss:1)
  The ghost of l0ser140 the Unseen, a powerful NaWr of Cheibriados (Lair:3)
  Fannar (Lair:3)
  4 hydras
  12 naga warriors
  22 anacondas
  Erica (D:11)
  The ghost of Heini the Cleaver, an experienced HOFi of Okawaru (D:8)
  A centaur warrior (D:10)
  10 naga sharpshooters
  3 hell hogs (Abyss:1)
  5 orc high priests (Orc:4)
  A catoblepas (Lair:3)
  5 thrashing horrors (Abyss:1)
  A wretched star (Abyss:1)
  7 deep elf knights
  11 shock serpents
  A shadow wraith (Abyss:1)
  A spatial maelstrom (Abyss:1)
  10 sea snakes
  A salamander mystic (Snake:5)
  2 ice devils (Elf:3)
  18 large abominations (Abyss:1)
  11 deep elf summoners
  5 naga ritualists
  3 unseen horrors
  3 hellions (Abyss:1)
  2 lindwurms
  6 hill giants
  13 deep elf conjurers
  4 orc sorcerers
  6 oklob plants (Lair:7)
  15 guardian serpents
  31 black mambas
  2 ugly things (D:10)
  11 salamanders
  A centaur zombie (D:12)
  2 manticores (D:12)
  10 mana vipers
  A fire giant skeleton (Abyss:1)
  2 griffons
  9 elephants
  Joseph (Orc:4)
  A cyclops (D:10)
  A smoke demon (Abyss:1)
  4 sixfirhies
  8 spiny frogs
  2 molten gargoyles (Volcano)
  An iron devil (Elf:3)
  A gargoyle (D:10)
  5 orange demons (Abyss:1)
  A torpor snail (Lair:5)
  A feature mimic (Lair:5)
  10 naga magi
  7 deep elf priests
  A freezing wraith (Abyss:1)
  2 hellwings
  4 fire drakes
  3 ancient zymes (Abyss:1)
  4 komodo dragons
  A wandering mushroom (Lair:1)
  A red devil (Elf:3)
  A hydra zombie (D:10)
  4 demonic crawlers
  3 blue devils
  A troll (D:11)
  A spriggan druid (Lair:8)
  A polar bear (shapeshifter) (Elf:2)
  A two-headed ogre (Orc:2)
  A slime creature (D:12)
  Sonja (Snake:1)
  An iron dragon simulacrum (Abyss:1)
  8 polar bears (Lair:8)
  Prince Ribbit (Orc:1)
  A boulder beetle (Elf:2)
  2 jumping spiders (Elf:1)
  A snapping turtle (Lair:5)
  A fire giant simulacrum (Abyss:1)
  35 blink frogs
  8 raiju (Abyss:1)
  A basilisk (Lair:3)
  A vampire (Abyss:1)
  5 redbacks
  46 yaks
  5 flying skulls (Abyss:1)
  A trapdoor spider (shapeshifter) (D:9)
  A wraith (D:10)
  8 starcursed masses (Abyss:1)
  3 wyverns
  4 hogs (Snake:5)
  11 spriggans (Lair:8)
  16 deep elf magi
  5 hungry ghosts
  11 fire bats (Volcano)
  3 hippogriffs
  2 tarantellas (Elf:1)
  3 ynoxinuls
  A shadow (D:10)
  3 neqoxecs (Abyss:1)
  3 steam dragons
  An emperor scorpion simulacrum (Abyss:1)
  42 wolves
  3 soldier ants
  3 chaos spawn (Abyss:1)
  Edmund (D:8)
  27 water moccasins
  25 deep elf fighters
  18 orc warriors
  3 wargs
  49 nagas
  11 porcupines
  An ogre skeleton (D:12)
  22 small abominations
  2 hell hounds
  5 ice beasts
  4 sky beasts
  A necrophage (D:10)
  6 yellow wasps
  3 phantoms
  A boring beetle (Lair:8)
  8 crocodiles
  A manticore zombie (Abyss:1)
  10 black bears (Lair:8)
  7 centaurs
  Duvessa (D:8)
  2 big kobolds
  14 ogres
  3 gnoll sergeants
  16 giant frogs
  An earth elemental (Abyss:1)
  9 scorpions
  A cyclops skeleton (D:11)
  A hippogriff zombie (D:11)
  4 killer bees (D:12)
  A yak zombie (D:9)
  An eye of draining (Abyss:1)
  11 wights
  9 electric eels
  Dowan (D:8)
  8 goliath beetles
  9 crimson imps
  7 jellies
  23 hounds
  A giant frog zombie (D:10)
  2 lava snakes (Volcano)
  33 orc priests
  3 quasits
  5 iguanas
  A soldier ant zombie (D:10)
  A giant frog skeleton (D:5)
  2 iron imps (Abyss:1)
  27 orc wizards
  4 orange rats
  7 worker ants
  13 sheep
  A big kobold zombie (D:7)
  A hound skeleton (D:4)
  A mummy (D:9)
  22 adders
  42 green rats
  15 gnolls
  4 shadow imps
  2 white imps (Abyss:1)
  4 worms
  5 giant mites
  5 ufetubi
  6 giant geckos
  6 oozes
  144 orcs
  2 ball pythons
  22 bats
  A bat skeleton (D:6)
  4 giant cockroaches
  24 goblins
  16 hobgoblins
  5 jackals
  8 quokkas
  5 giant newts
  A giant spore (D:10)
  A goblin skeleton (D:4)
  A goblin zombie (D:5)
  20 kobolds
  A kobold skeleton (D:7)
  An orc skeleton (D:10)
  An orc zombie (Orc:3)
  A quokka skeleton (D:8)
  20 rats
  8 ballistomycetes
  11 fungi
  9 plants
  4 starspawn tentacles (Abyss:1)
1472 creatures vanquished.

Vanquished Creatures (collateral kills)
  A tentacled starspawn (Abyss:1)
  A greater naga (Snake:5)
  A naga warrior (Snake:5)
  A thrashing horror (Abyss:1)
  A large abomination (Abyss:1)
  2 naga ritualists (Snake:5)
  An orc sorcerer (Abyss:1)
  A black mamba (Snake:4)
  4 guardian serpents (Snake:5)
  An efreet (Abyss:1)
  An ancient zyme (Abyss:1)
  2 raiju (Abyss:1)
  A neqoxec (Abyss:1)
  A small abomination (Abyss:1)
  4 nagas (Snake:5)
23 creatures vanquished.

Vanquished Creatures (others)
  A deep elf annihilator (Elf:3)
  A great orb of eyes (Abyss:1)
  An iron devil (Abyss:1)
  A deep elf priest (Elf:1)
  2 two-headed ogres
  3 ogres
  2 lost souls (Elf:3)
  An electric eel (D:11)
  A giant gecko (D:11)
  2 giant spores
  A lurking horror (Abyss:1)
  A fungus (Lair:8)
  3 plants (Snake:5)
  13 starspawn tentacles (Abyss:1)
  186 starspawn tentacle segments (Abyss:1)
219 creatures vanquished.

Grand Total: 1714 creatures vanquished

Notes
Turn   | Place    | Note
--------------------------------------------------------------
     0 | D:1      | Johnny, the Human Berserker, began the quest for the Orb.
     0 | D:1      | Reached XP level 1. HP: 18/18 MP: 1/1
    60 | D:1      | Reached XP level 2. HP: 14/24 MP: 2/2
   341 | D:1      | Acquired Trog's second power
   374 | D:1      | Reached XP level 3. HP: 19/29 MP: 3/3
  1006 | D:2      | Reached XP level 4. HP: 14/37 MP: 4/4
  1665 | D:3      | Reached skill level 4 in Fighting
  1897 | D:3      | Reached XP level 5. HP: 42/42 MP: 5/5
  2559 | D:3      | Reached XP level 6. HP: 44/48 MP: 6/6
  2976 | D:4      | Noticed an ogre
  2979 | D:4      | Killed an ogre
  3130 | D:4      | Found a staircase to the Ecumenical Temple.
  3142 | D:4      | Reached XP level 7. HP: 50/55 MP: 7/7
  3451 | D:4      | Noticed a gnoll sergeant
  3461 | D:4      | Killed a gnoll sergeant
  3786 | D:5      | Entered Level 5 of the Dungeon
  4007 | D:5      | Reached skill level 5 in Fighting
  4007 | D:5      | Reached skill level 5 in Axes
  4213 | D:5      | Acquired Trog's third power
  4346 | D:5      | Reached XP level 8. HP: 52/62 MP: 8/8
  5342 | D:6      | Reached skill level 5 in Dodging
  5643 | D:6      | Found a shattered altar of Ashenzari.
  5867 | D:7      | Reached skill level 5 in Armour
  5870 | D:7      | Reached skill level 6 in Axes
  5928 | D:7      | Reached skill level 1 in Stealth
  6045 | D:7      | Reached XP level 9. HP: 69/69 MP: 9/9
  6118 | D:7      | Found a deep blue altar of Sif Muna.
  6154 | D:7      | Found a shimmering altar of Xom.
  6166 | D:7      | Noticed an angel
  6168 | D:7      | Found a glowing silver altar of Zin.
  6402 | D:7      | Received a gift from Trog
  6589 | D:7      | Reached skill level 7 in Axes
  6850 | D:8      | Found a stormy altar of Qazlal.
  6933 | D:8      | Found a glowing silver altar of Zin.
  7048 | D:8      | Noticed Duvessa
  7050 | D:8      | Noticed Dowan
  7059 | D:8      | Killed Duvessa
  7061 | D:8      | Killed Dowan
  7445 | D:8      | Noticed Edmund
  7456 | D:8      | Killed Edmund
  7655 | D:8      | Noticed Heini's ghost (experienced HOFi)
  7664 | D:8      | Killed Heini's ghost
  7664 | D:8      | Reached skill level 8 in Axes
  7664 | D:8      | Reached XP level 10. HP: 75/79 MP: 10/10
  9132 | D:10     | Entered Level 10 of the Dungeon
  9144 | D:10     | Reached skill level 9 in Axes
  9242 | D:10     | Noticed a white ugly thing
  9253 | D:10     | Killed a white ugly thing
  9257 | D:10     | Noticed a centaur warrior
  9277 | D:10     | Killed a centaur warrior
  9277 | D:10     | Reached XP level 11. HP: 32/87 MP: 11/11
  9502 | D:10     | Noticed a gargoyle
  9539 | D:10     | Killed a gargoyle
  9539 | D:10     | Reached skill level 10 in Axes
  9596 | D:10     | Got a transparent granite ring
  9597 | D:10     | Identified the ring "Muanimm" {MP+9 Int+1} (You found it on level 10 of the Dungeon)
  9646 | D:10     | Noticed a hill giant
  9651 | D:10     | Killed a hill giant
  9914 | D:10     | Noticed a cyclops
  9917 | D:10     | Killed a cyclops
 10019 | D:10     | Noticed a red ugly thing
 10028 | D:10     | Killed a red ugly thing
 10195 | D:10     | Noticed a hill giant
 10205 | D:10     | Killed a hill giant
 10384 | D:10     | Got a transparent bronze ring
 10411 | D:10     | Noticed a green ugly thing
 10560 | D:10     | Reached skill level 1 in Shields
 10858 | D:11     | Found Loeprac's Antique Weapon Boutique.
 11091 | D:11     | Reached XP level 12. HP: 59/95 MP: 12/12
 11110 | D:11     | Reached skill level 11 in Axes
 11249 | D:11     | Killed an unseen horror
 11258 | D:11     | Got a steaming morningstar
 11259 | D:11     | Identified the +4 morningstar of Soqiuc {crush, rElec Stlth+} (You found it on level 11 of the Dungeon)
 11281 | D:11     | Found a staircase to the Orcish Mines.
 11295 | D:11     | Received a gift from Trog
 11346 | D:11     | Reached skill level 1 in Evocations
 11427 | D:11     | Found a staircase to the Lair.
 11685 | D:11     | Noticed Erica
 11694 | D:11     | Killed Erica
 11694 | D:11     | Reached skill level 1 in Maces & Flails
 12102 | D:12     | Identified the cursed ring "Shyggym" {Fire Str+4 Dex+5} (You found it on level 10 of the Dungeon)
 12182 | D:12     | Reached skill level 10 in Fighting
 12403 | D:12     | Received a gift from Trog
 12914 | D:12     | Noticed an eight-headed hydra
 12929 | D:12     | Killed a hydra
 12929 | D:12     | Reached skill level 12 in Axes
 12929 | D:12     | Reached XP level 13. HP: 48/104 MP: 15/15
 12992 | D:12     | Reached skill level 5 in Shields
 14246 | Orc:1    | Entered Level 1 of the Orcish Mines
 14286 | Orc:1    | Noticed Prince Ribbit
 14307 | Orc:1    | Killed Prince Ribbit
 14944 | Orc:3    | Received a gift from Trog
 15474 | Orc:3    | Found a dark tunnel.
 15522 | Volcano  | Entered a volcano
 15736 | Volcano  | Found a bloodstained altar of Trog.
 15753 | Volcano  | Reached skill level 13 in Axes
 16282 | Orc:4    | Entered Level 4 of the Orcish Mines
 16329 | Orc:4    | Found a staircase to the Elven Halls.
 16467 | Orc:4    | Noticed Joseph
 16480 | Orc:4    | Killed Joseph
 16637 | Orc:4    | Received a gift from Trog
 16808 | Orc:4    | Found Cuakibut's General Store.
 16808 | Orc:4    | Found Git Puokoqo's Magic Scroll Emporium.
 16870 | Orc:4    | Found Geoppuit's Gadget Emporium.
 16918 | Orc:4    | Found Alam's Assorted Antiques.
 16927 | Orc:4    | Reached XP level 14. HP: 113/113 MP: 17/17
 17631 | Orc:4    | Bought a scroll of identify for 20 gold pieces
 17631 | Orc:4    | Bought a scroll of acquirement for 520 gold pieces
 17631 | Orc:4    | Bought a scroll of identify for 20 gold pieces
 17631 | Orc:4    | Bought a scroll of acquirement for 520 gold pieces
 17631 | Orc:4    | Bought a scroll of blinking for 75 gold pieces
 17635 | Orc:4    | Got an ancient shield
 17651 | Orc:4    | Identified the +5 shield "Trueb" {Stlth---} (You acquired it on level 4 of the Orcish Mines)
 17665 | Orc:4    | Bought a scroll of identify for 20 gold pieces
 17665 | Orc:4    | Bought a bread ration for 50 gold pieces
 17665 | Orc:4    | Bought 3 fruits for 45 gold pieces
 17665 | Orc:4    | Bought a beef jerky for 15 gold pieces
 17665 | Orc:4    | Bought a scroll of remove curse for 30 gold pieces
 17668 | Orc:4    | Bought a potion of curing for 36 gold pieces
 17671 | Orc:4    | Bought a scroll of vulnerability for 75 gold pieces
 17671 | Orc:4    | Bought a scroll of silence for 75 gold pieces
 17671 | Orc:4    | Bought a scroll of recharging for 95 gold pieces
 18228 | Elf:1    | Entered Level 1 of the Elven Halls
 18250 | Elf:1    | Received a gift from Trog
 18397 | Elf:1    | Reached skill level 14 in Axes
 18459 | Elf:1    | Noticed a deep elf demonologist
 18466 | Elf:1    | Killed a deep elf demonologist
 18659 | Elf:1    | Received a gift from Trog
 19243 | Elf:1    | Reached skill level 10 in Armour
 19953 | Elf:2    | Noticed a deep elf sorcerer
 19968 | Elf:2    | Killed a deep elf sorcerer
 19968 | Elf:2    | Received a gift from Trog
 20427 | Elf:2    | Reached XP level 15. HP: 118/120 MP: 18/18
 20900 | Elf:3    | Entered Level 3 of the Elven Halls
 20987 | Elf:3    | Cast into the Abyss (deep elf demonologist)
 21227 | Abyss:1  | Reached skill level 15 in Axes
 21238 | Abyss:1  | Found a stormy altar of Qazlal.
 21395 | Abyss:1  | Noticed a tentacled starspawn
 21406 | Abyss:1  | Killed a tentacled starspawn
 21472 | Abyss:1  | Received a gift from Trog
 21549 | Abyss:1  | Noticed a tentacled starspawn
 21794 | Abyss:1  | Noticed a bone dragon
 21819 | Abyss:1  | Killed a bone dragon
 21847 | Abyss:1  | Noticed a tentacled starspawn
 21849 | Abyss:1  | Killed a tentacled starspawn
 21849 | Abyss:1  | Reached skill level 10 in Shields
 21995 | Abyss:1  | Noticed a tentacled starspawn
 22001 | Abyss:1  | Killed a tentacled starspawn
 22289 | Abyss:1  | Reached XP level 16. HP: 129/129 MP: 18/18
 22380 | Abyss:1  | Noticed a bone dragon
 22398 | Abyss:1  | Killed a bone dragon
 22501 | Abyss:1  | Reached skill level 16 in Axes
 22862 | Abyss:1  | Noticed a tentacled starspawn
 22900 | Abyss:1  | Noticed a tentacled starspawn
 22938 | Abyss:1  | Killed a tentacled starspawn
 22999 | Abyss:1  | Noticed a bone dragon
 23092 | Abyss:1  | Noticed a hellephant
 23110 | Abyss:1  | Killed a hellephant
 23222 | Abyss:1  | Noticed a lich
 23230 | Abyss:1  | Noticed a tentacled starspawn
 23248 | Abyss:1  | Killed a lich
 23256 | Abyss:1  | Killed a tentacled starspawn
 23276 | Elf:3    | Escaped the Abyss
 23540 | Lair:1   | Entered Level 1 of the Lair of Beasts
 23735 | Lair:1   | Reached XP level 17. HP: 129/137 MP: 20/20
 24420 | Lair:2   | Received a gift from Trog
 25504 | Lair:3   | Noticed l0ser140's ghost (powerful NaWr)
 25545 | Lair:3   | Reached skill level 17 in Axes
 25596 | Lair:3   | Killed l0ser140's ghost
 25666 | Lair:3   | Noticed Fannar
 25678 | Lair:3   | Killed Fannar
 27076 | Lair:5   | Found a hole to the Spider Nest.
 27118 | Lair:5   | the hole to the Spider Nest was a mimic.
 27207 | Lair:5   | Received a gift from Trog
 27225 | Lair:5   | Got a crude war axe {god gift}
 27226 | Lair:5   | Identified the +11 war axe of Curses {chop, rF+} (Trog gifted it to you on level 5 of the Lair of Beasts)
 27358 | Lair:5   | Found a staircase to the Shoals.
 27460 | Lair:5   | Found a staircase to the Snake Pit.
 28921 | Lair:7   | Found a staircase to the Slime Pits.
 29427 | Lair:7   | Received a gift from Trog
 29547 | Lair:7   | Got a fine helmet
 29558 | Lair:7   | Identified the +4 helmet of Mezcal {rPois} (You acquired it on level 7 of the Lair of Beasts)
 29582 | Lair:7   | Reached skill level 5 in Stealth
 30131 | Lair:8   | Entered Level 8 of the Lair of Beasts
 30539 | Lair:8   | Received a gift from Trog
 30663 | Lair:8   | Reached XP level 18. HP: 129/146 MP: 22/22
 31321 | Snake:1  | Entered Level 1 of the Snake Pit
 31508 | Snake:1  | Noticed Sonja
 31528 | Snake:1  | Killed Sonja
 32391 | Snake:1  | Received a gift from Trog
 32550 | Snake:1  | You fall through a shaft!
 33004 | Snake:2  | Reached skill level 18 in Axes
 33617 | Snake:2  | Found Vadenuc's Book Shop.
 35435 | Snake:4  | Received a gift from Trog
 36036 | Snake:5  | Entered Level 5 of the Snake Pit
 36048 | Snake:5  | Noticed Kirke
 36324 | Snake:5  | Killed Kirke
 36645 | Snake:5  | Reached XP level 19. HP: 154/154 MP: 23/23
 37230 | Snake:5  | Received a gift from Trog
 37797 | Snake:5  | Reached skill level 15 in Fighting
 37933 | Snake:5  | Reached skill level 19 in Axes
 38450 | Snake:5  | Got a serpentine rune of Zot
 39567 | Snake:1  | Reached skill level 15 in Shields
 40238 | Lair:4   | Got a polished hand crossbow
 40239 | Lair:4   | Identified the cursed -1 hand crossbow of Catrud {elec, rC+} (You found it on level 4 of the Lair of Beasts)
 40693 | Elf:3    | Reached XP level 20. HP: 130/162 MP: 24/24
 40784 | Elf:3    | Found Chaplughej's Assorted Antiques.
 40802 | Elf:3    | Bought a potion of resistance for 231 gold pieces
 40821 | Elf:3    | Received a gift from Trog
 41418 | Elf:3    | Noticed a deep elf sorcerer
 41418 | Elf:3    | Noticed a deep elf sorcerer
 41455 | Elf:3    | Killed a deep elf sorcerer
 41465 | Elf:3    | Killed a deep elf sorcerer
 41472 | Elf:3    | Noticed a deep elf blademaster
 41495 | Elf:3    | Killed a deep elf blademaster
 41498 | Elf:3    | Noticed a deep elf sorcerer
 41555 | Elf:3    | Killed a deep elf sorcerer
 41646 | Elf:3    | Gained mutation: You are frail (-10% HP). [mutagenic glow]
 41648 | Elf:3    | Noticed a deep elf blademaster
 41649 | Elf:3    | Noticed a deep elf sorcerer
 41664 | Elf:3    | Killed a deep elf blademaster
 41666 | Elf:3    | Reached skill level 5 in Evocations
 41666 | Elf:3    | Killed a deep elf sorcerer
 41769 | Elf:3    | Noticed a deep elf sorcerer
 41771 | Elf:3    | Noticed a deep elf sorcerer
 41777 | Elf:3    | Killed a deep elf sorcerer
 41787 | Elf:3    | Killed a deep elf sorcerer
 41832 | Elf:3    | Noticed a deep elf sorcerer
 41836 | Elf:3    | Noticed a deep elf master archer
 42107 | Elf:2    | Found a deep blue altar of Sif Muna.
 42251 | Elf:3    | Noticed a Brimstone Fiend
 42257 | Elf:3    | Killed a deep elf master archer
 42277 | Elf:3    | Killed a deep elf sorcerer
 42292 | Elf:3    | Noticed a deep elf sorcerer
 42302 | Elf:3    | Killed a deep elf sorcerer
 42307 | Elf:3    | Noticed a deep elf master archer
 42329 | Elf:3    | Killed a deep elf master archer
 42363 | Elf:3    | Got a scintillating marble ring
 42427 | Elf:3    | Identified a +0 pair of boots of running (You found it on level 3 of the Elven Halls)
 42438 | Elf:3    | Identified the ring "Xarhipea" {rC- MP+9 Stlth+} (You took it off a deep elf mage on level 3 of the Elven Halls)
 42496 | Elf:3    | Got a pitted golden ring
 42510 | Elf:3    | Killed from afar by a deep elf annihilator

Action                   |  1- 3 |  4- 6 |  7- 9 | 10-12 | 13-15 | 16-18 | 19-21 || total
-------------------------+-------+-------+-------+-------+-------+-------+-------++-------
Melee: Hand axe          |    97 |   242 |    87 |       |       |       |       ||   426
       War axe           |       |       |   223 |   464 |   995 |  1643 |   646 ||  3971
       Morningstar       |       |       |       |    21 |       |       |       ||    21
       Broad axe         |       |       |       |       |     3 |       |       ||     3
       Unarmed           |       |       |       |       |       |     6 |       ||     6
Throw: Tomahawk          |       |       |       |     3 |       |       |       ||     3
Invok: Berserk           |     2 |     5 |     8 |    15 |    22 |    15 |     8 ||    75
       Trog's Hand       |       |     5 |     2 |     6 |    26 |    21 |    25 ||    85
       Burn Spellbooks   |       |       |     2 |       |       |     6 |     2 ||    10
       Brothers in Arms  |       |       |       |       |     4 |     4 |     4 ||    12
Evoke: Wand              |       |       |       |    12 |     3 |    29 |    49 ||    93
  Use: Scroll            |     6 |       |    19 |     4 |    17 |    22 |    21 ||    89
       Potion            |       |       |       |     2 |     7 |     2 |    20 ||    31
 Stab: Sleeping          |     1 |       |     1 |     4 |       |       |       ||     6
       Invisible         |       |       |       |       |     2 |       |     6 ||     8
       Fleeing           |       |       |       |       |       |     2 |       ||     2
       Betrayed ally     |       |       |       |       |       |     1 |       ||     1
       Distracted        |       |       |       |       |       |       |     2 ||     2
  Eat: Bread ration      |     1 |     1 |       |     4 |     1 |       |     6 ||    13
       Chunk             |       |     6 |     9 |    11 |    28 |    36 |     7 ||    97
       Fruit             |       |       |     4 |     4 |     3 |    13 |       ||    24
       Pizza             |       |       |     1 |     1 |       |     3 |       ||     5
       Meat ration       |       |       |     1 |       |     1 |     1 |       ||     3
       Beef jerky        |       |       |     3 |       |     1 |     6 |       ||    10
       Royal jelly       |       |       |     1 |       |     9 |     2 |       ||    12
